 Dungeon Crawl Stone Soup version 0.28.0-43-g3370ac3207 (webtiles) character file.

Game seed: 11020911651763943683

1 sizableburger the Sneak (level 1, -1/16 HPs)
             Began as an Octopode Delver on Mar 11, 2022.
             Slain by a hound (3 damage)
             ... on level 4 of the Dungeon.
             The game lasted 00:00:37 (142 turns).

sizableburger the Sneak (Octopode Delver)            Turns: 142, Time: 00:00:37

Health: -1/16      AC:  1    Str: 11    XL:     1   Next: 20%
Magic:  1/1        EV: 13    Int: 12    God:
Gold:   0          SH:  0    Dex: 13    Spells: 0/0 levels left

rFire   . . .      SeeInvis .   a - +0 hand axe
rCold   . . .      Faith    .   (no shield)
rNeg    . . .      Spirit   .   (helmet restricted)
rPois   .          Reflect  .   (no amulet)
rElec   .          Harm     .   (no ring)
rCorr   .          Rampage  .   (no ring)
Will    .....                   (no ring)
Stlth   ++++......              (no ring)
HPRegen 0.05/turn               (no ring)
MPRegen 0.07/turn               (no ring)
                                (no ring)
                                (no ring)

@: no status effects
A: almost no armour, amphibious, 8 rings, camouflage 1, gelatinous body 1,
(nimble swimmer 1), tentacles
a: no special abilities


You were on level 4 of the Dungeon.
You visited 1 branch of the dungeon, and saw 2 of its levels.

Inventory:

Hand Weapons
 a - a +0 hand axe (weapon)
Wands
 f - a wand of digging (3)
Scrolls
 b - a scroll of fog
 d - a scroll of fear
 g - a scroll of teleportation {unknown}
Potions
 e - a potion of haste


   Skills:
 + Level 3.0 Fighting
 + Level 2.0 Axes
 + Level 2.0 Dodging
 + Level 6.6 Stealth


You couldn't memorise any spells.
You didn't know any spells.
Your spell library was empty.

Dungeon Overview and Level Annotations

Branches:
Dungeon (5/15)             Temple (0/1) D:4

Altars:


Innate Abilities, Weirdness & Mutations

You cannot wear most types of armour.
You are amphibious.
You can wear up to eight rings at the same time.
Your skin changes colour to match your surroundings (Stealth+).
Your rubbery body absorbs attacks. (AC +1, EV +1)
((You are camouflaged when in or above water. (Stealth+)))
You have tentacles for arms and can constrict up to eight enemies at once.


Message History

There are no items here.
Okay, then.
Found a stone staircase leading up.
There is a stone staircase leading up here.
You climb upwards.
Found a club.
Found a stone staircase leading up.
There is a stone staircase leading down here.
As you read the scroll of magic mapping, it crumbles to dust.
You feel aware of your surroundings.
There is a stone staircase leading up here.
You open the door.
Found 9 gold pieces.
There is an open door here.
A hound comes into view.
The hound barks!
You barely miss the hound. Your grab misses the hound.
Your squeeze misses the hound. The hound closely misses you.
The hound barely misses you.
You hit the hound. Your grab misses the hound. Your squeeze misses the hound.
The hound is lightly wounded.
The hound bites you.
The hound pauses to sniff the ground.
The hound misses you.
You closely miss the hound. Your grab misses the hound.
The hound is lightly wounded.
The hound closely misses you. The hound misses you.
You hit the hound. Your grab misses the hound.
The hound is moderately wounded.
The hound bites you.
You barely miss the hound. Your grab misses the hound.
Your squeeze misses the hound.
The hound is moderately wounded.
The hound bites you.
* * * LOW HITPOINT WARNING * * *
The hound bites you.
* * * LOW HITPOINT WARNING * * *
You miss the hound. You grab the hound.
The hound is moderately wounded.
You constrict the hound. The hound bites you.
You die...

,,,****+**,,,,,,,**,,,*
,,,*,,,,,,,,,,,,,*,,,,*
,,,*,,,,,,,,,,,,,*,,,,*
,,,*,,,,,,,,,,,,,*,,,,*
,,,*,,,,**,##########,*
,,,*,,,,***#........#**
,,,*,,,,,,,#........#
,,,*,,,,,,,#.....$..#
,,,*,,,,,,,+....@...#
,,,*,,,,,,,#...h....#######
,,,*,,,,,,,#.....#'#..#...#
****,,,,,,,#.....#<.......#
*,,,,,,,,#.....+...)....#
*,,,,,,,,#.....#..>.....#
*,,,,,,,,#.....#........#
**,,,**,,#.....#.####.###
********#######.# *##


You could see a hound.

Vanquished Creatures
  A quokka (D:5)
1 creature vanquished.

Notes
Turn   | Place    | Note
-------+----------+-------------------------------------------
     0 | D:5      | sizableburger the Octopode Delver began the quest for the
                  | Orb.
     0 | D:5      | Reached XP level 1. HP: 16/16 MP: 1/1
   135 | D:4      | Noticed a hound
   142 | D:4      | Slain by a hound

Illustrated notes

Levels and vault maps discovered:
D:4:      layout_gridville, minmay_temple_entry_from_below_a
D:5:      layout_rooms, kennysheep_mini_moat, st_stairs_4

Action                   || total
-------------------------++-------
Melee: Hand axe          ||    10
       Constrict         ||     2
  Use: Scroll            ||     1
Dodge: Dodged            ||     8
